 Dungeon Crawl Stone Soup version 0.22-a0-48-g8770677 (webtiles) character file.

63 Kidiri the Skirmisher (level 3, -6/33 HPs)
             Began as a Minotaur Fighter on Jan 7, 2018.
             Killed by divine providence
             ... invoked by an orc priest
              (11 damage)
             ... on level 3 of the Dungeon.
             The game lasted 00:03:21 (2220 turns).

Kidiri the Skirmisher (Minotaur Fighter)            Turns: 2220, Time: 00:03:22

Health: -6/33      AC:  8    Str: 21    XL:     3   Next: 87%
Magic:  2/2        EV: 13    Int:  5    God:
Gold:   112        SH: 10    Dex: 14    Spells: 2/2 levels left

rFire    . . .     SeeInvis +   a - +0 long sword
rCold    . . .     Gourm    .   c - +0 shield
rNeg     + . .     Faith    .   b - +0 scale mail
rPois    .         Spirit   .   (helmet restricted)
rElec    .         Reflect  .   o - -1 cloak (curse)
rCorr    .         Harm     .   m - +0 pair of gloves
MR       .....                  (no boots)
Stlth    +.........             (no amulet)
HPRegen  0.11/turn              p - ring of positive energy
MPRegen  0.08/turn              q - ring of see invisible

@: agile, hasted, very quick
A: retaliatory headbutt, horns 2
a: no special abilities


You were on level 3 of the Dungeon.
You were not hungry.

You visited 1 branch of the dungeon, and saw 3 of its levels.

You collected 112 gold pieces.

Inventory:

Hand Weapons
 a - a +0 long sword (weapon)
Missiles
 h - 4 javelins (quivered)
Armour
 b - a +0 scale mail (worn)
 c - a +0 shield (worn)
 m - a +0 pair of gloves (worn)
 o - a cursed -1 cloak (worn)
Jewellery
 p - a ring of positive energy (left hand)
 q - a ring of see invisible (right hand)
Scrolls
 j - 2 scrolls of identify
 n - a scroll of amnesia {unknown}
 s - a scroll of fear {unknown}
 t - a scroll of teleportation {unknown}
Potions
 d - 2 potions of might
 e - 2 potions of agility
 k - a potion of ambrosia
 l - 2 potions of curing {unknown}
 r - a potion of flight {unknown}
Comestibles
 f - 4 rations
 i - 4 chunks of flesh


   Skills:
 * Level 4.2 Fighting
 * Level 3.2 Long Blades
 + Level 0.2 Throwing
 * Level 4.2 Armour
 + Level 0.8 Dodging
 * Level 4.2 Shields


You had 2 spell levels left.
You didn't know any spells.

Dungeon Overview and Level Annotations

Branches:
Dungeon (3/15)

Altars:


Innate Abilities, Weirdness & Mutations

You reflexively headbutt those who attack you in melee.
You have a pair of horns on your head.


Message History

The orc shouts!
You hear a shout!
The goblin hits you but does no damage.
Found a ration.
A hobgoblin comes into view. It is wielding a club.
Unknown command.
The orc priest calls down the wrath of Beogh upon you.
Beogh smites you!
The orc priest mumbles some strange prayers to Beogh against you.
Beogh smites you!
* * * LOW HITPOINT WARNING * * *
Unknown command.
Okay, then.
Unknown command.
You feel yourself speed up. The goblin closely misses you.
You furiously retaliate!
You headbutt the goblin.
It was a potion of agility.
You feel agile all of a sudden.
The orc priest invokes the aid of Beogh against you.
Beogh smites you!
You die...

#(## #....# #.... ##### #(.#
#....# #....
....#######.####....#########....
.).........)................'....
........###.####....#########....
.....##.###..# #....# #....
...........#.###....# #....
.#.#...#.#(#..##.#### #####
.#.......#.##.##@#
.#####...#.##.##g# .#
##.##.##.##r# ## #....##.##o#
#######.)#.# ##.#o# ##### #...#
#.... ##oo# #.... #.........
#....


You could see 2 orc priests, 2 orcs, a goblin and a rat.

Vanquished Creatures
  An adder (D:3)
  4 dart slugs
  A leopard gecko (D:2)
  An orc (D:3)
  4 goblins
  7 hobgoblins
  3 jackals (D:1)
  2 quokkas (D:3)
  6 bats
  3 frilled lizards
  4 kobolds
  6 rats
42 creatures vanquished.

Notes
Turn   | Place    | Note
-------+----------+-------------------------------------------
     0 | D:1      | Kidiri the Minotaur Fighter began the quest for the Orb.
     0 | D:1      | Reached XP level 1. HP: 19/19 MP: 0/0
    92 | D:1      | Reached XP level 2. HP: 27/27 MP: 1/1
  1090 | D:2      | Reached XP level 3. HP: 32/33 MP: 2/2
  1637 | D:3      | HP: 1/33 [poisoned by a kobold]
  2220 | D:3      | Killed from afar by an orc priest

Vault maps used:
D:1:      minmay_arrival_arboretum_large
D:3:      amethyst_overflow_temple_binary, first_ration

Skill      XL: |  1  2  3 |
---------------+----------+-----
Shields        | 4 |  4.2
Armour         | 4 |  4.2
Fighting       | 4 |  4.2
Long Blades    | 3 |  3.2
Throwing       | |  0.2
Dodging        | |  0.8

Action                   || total
-------------------------++-------
Melee: Long sword        ||   112
       Headbutt          ||    10
  Use: Scroll            ||     4
       Potion            ||     2
  Eat: Chunk             ||     4
Armor: Scale mail        ||    44
Dodge: Dodged            ||    32
Block: Shield            ||    60
       Rpst.: Long sword ||     3

Table legend:
 A = Spawn XP
 B = Non-spawn XP
 C = Spawn XP percentage of total XP
 D = Spawn monster count
 E = Non-spawn monster count
 F = Spawn count percentage of total count
 G = Total turns spent on level
                    A         B        C        D         E        F      G
               +---------+---------+-------+---------+---------+-------+---------
         Total |       0 |      90 |   0.0 |       0 |      42 |   0.0 |  2220
               +---------+---------+-------+---------+---------+-------+---------
           D:1 |       0 |      29 |   0.0 |       0 |      17 |   0.0 |   644
           D:2 |       0 |      23 |   0.0 |       0 |      11 |   0.0 |   863
           D:3 |       0 |      38 |   0.0 |       0 |      14 |   0.0 |   713
               +---------+---------+-------+---------+---------+-------+---------
